 Dungeon Crawl Stone Soup version 0.21-a0-538-gd16b88a (webtiles) character file.

42856 Amnesiac the Nimble (level 14, 0/108 HPs)
             Began as a Gnoll Arcane Marksman on Dec 15, 2017.
             Was the Champion of Okawaru.
             Slain by a two-headed ogre
             ... wielding a cursed -2 giant club
              (11 damage)
             ... while paralysed by an ogre mage
             ... on level 15 of the Dungeon.
             The game lasted 00:48:35 (16723 turns).

Amnesiac the Nimble (Gnoll Arcane Marksman)        Turns: 16723, Time: 00:48:35

Health: 0/108      AC: 27    Str: 17    XL:     14   Next: 21%
Magic:  13/18      EV:  2    Int: 19    God:    Okawaru [******]
Gold:   258        SH:  0    Dex: 26    Spells: 9/31 levels left

rFire    . . .     SeeInvis .   a - +8 quick blade (pierce)
rCold    + + +     Gourm    .   x - +0 shield
rNeg     . . .     Faith    .   X - +1 ring mail of Daisies {rPois rCorr MP-9 Dex+6}
rPois    +         Spirit   .   (helmet restricted)
rElec    .         Reflect  .   V - +1 cloak {MR+}
rCorr    +         Harm     .   d - +2 pair of gloves
MR       ++...                  S - +2 pair of boots of Liso Jau {Stlth+}
Stlth    +++++.....             (no amulet)
HPRegen  0.28/turn              T - ring of the Median {AC+6 Int+4}
MPRegen  0.16/turn              E - ring "Jus Roxt" {rCorr rC++ Dex+3}

@: paralysed, finesse
A: distributed training, fangs 1, hooves 2, horns 1, icy blue scales 1,
iridescent scales 1, cold resistance 1, strong nose
a: Heroism, Finesse, Renounce Religion


You were on level 15 of the Dungeon.
You worshipped Okawaru.
Okawaru was exalted by your worship.
You were not hungry.

You visited 1 branch of the dungeon, and saw 15 of its levels.
You also visited: Ossuary.

You collected 1011 gold pieces.
You spent 753 gold pieces at shops.

Inventory:

Hand Weapons
 a - a +8 quick blade of piercing (weapon)
 b - a +0 hand crossbow
 w - a +0 blowgun
Missiles
 o - 59 poisoned needles
 q - 4 curare-tipped needles
 y - 165 sling bullets
 B - 445 stones (quivered)
 W - 112 bolts
Armour
 d - a +2 pair of gloves (worn)
 l - a +2 helmet
 x - a +0 shield (worn)
 H - a scarf of repulsion
 J - +0 acid dragon scales
 S - the +2 pair of boots of Liso Jau (worn) {Stlth+}
   (Okawaru gifted it to you on level 14 of the Dungeon)

   It makes you more stealthy.
 V - a +1 cloak of magic resistance (worn)
 X - the +1 ring mail of Daisies (worn) {rPois rCorr MP-9 Dex+6}
   (Okawaru gifted it to you on level 12 of the Dungeon)

   It affects your dexterity (+6).
   It protects you from poison.
   It affects your magic capacity (-9).
   It protects you from acid and corrosion.
Jewellery
 n - an uncursed ring of fire
 s - an uncursed ring of ice
 E - the ring "Jus Roxt" (right hand) {rCorr rC++ Dex+3}
   (You found it on level 13 of the Dungeon)

   [ring of resist corrosion]

   It affects your dexterity (+3).
   It greatly protects you from cold.
 I - an uncursed ring of protection from magic
 T - the ring of the Median (left hand) {AC+6 Int+4}
   (You took it off a yaktaur on level 10 of the Dungeon)

   [ring of protection]

   It affects your AC (+6).
   It affects your intelligence (+4).
Wands
 z - a wand of random effects (24)
 G - a wand of paralysis (8)
 L - a wand of disintegration (19)
 M - a wand of flame (21)
 N - a wand of polymorph (10)
Scrolls
 h - a scroll of vulnerability {!r}
 j - 2 scrolls of teleportation {!r}
 k - 3 scrolls of fear {!r}
 u - 4 scrolls of magic mapping {!r}
 A - 6 scrolls of amnesia {!r}
 C - 3 scrolls of blinking {!r}
 K - 3 scrolls of fog {!r}
 R - a scroll of remove curse {!r}
 U - a scroll of identify {!r}
Potions
 e - 2 potions of brilliance {!q}
 g - a potion of haste {!q}
 p - 3 potions of berserk rage {!q}
 r - a potion of magic {!q}
 t - 2 potions of lignification {!q}
 v - a potion of invisibility {!q}
 D - 2 potions of flight {!q}
 F - 6 potions of curing {!q}
 O - 2 potions of might {!q}
 P - 3 potions of heal wounds {!q}
 Q - a potion of mutation {!q}
Comestibles
 c - 4 fruits
 f - 9 bread rations
 i - 3 royal jellies
 m - 7 meat rations


   Skills:
 + Level 9.3 Fighting
 + Level 8.9 Short Blades
 + Level 8.9 Long Blades
 + Level 8.9 Axes
 + Level 9.0 Maces & Flails
 + Level 8.9 Polearms
 + Level 8.9 Staves
 + Level 10.0 Slings
 + Level 8.9 Bows
 + Level 8.9 Crossbows
 + Level 8.9 Throwing
 + Level 8.9 Armour
 + Level 10.0 Dodging
 + Level 8.9 Stealth
 + Level 8.9 Shields
 + Level 8.9 Unarmed Combat
 + Level 9.3 Spellcasting
 + Level 7.4 Conjurations
 + Level 9.3 Hexes
 + Level 7.4 Charms
 + Level 7.4 Summonings
 + Level 7.4 Necromancy
 + Level 7.4 Translocations
 + Level 7.4 Transmutations
 + Level 7.4 Fire Magic
 + Level 7.4 Ice Magic
 + Level 7.4 Air Magic
 + Level 7.4 Earth Magic
 + Level 7.4 Poison Magic
 + Level 9.7 Invocations
 + Level 8.9 Evocations


You had 9 spell levels left.
You knew the following spells:

 Your Spells              Type           Power        Failure   Level  Hunger
a - Corona                Hex            #####..      1%          1    None
b - Cause Fear            Hex            #####.....   6%          4    ###....
c - Portal Projectile     Hex/Tloc       #####.       2%          3    None
d - Mephitic Cloud        Conj/Pois/Air  #####...     4%          3    None
e - Slow                  Hex            #####...     1%          2    None
f - Airstrike             Air            #####.....   14%         4    ###....
s - Conjure Flame         Conj/Fire      #####...     4%          3    None
v - Blink                 Tloc           N/A          1%          2    None


Dungeon Overview and Level Annotations

Branches:
Dungeon (15/15)            Temple (0/1) D:7             Orc (0/2) D:9
 Vaults (0/5) D:14
   Lair: D:8-11      Depths: D:15

Altars:
Ashenzari
Cheibriados
Fedhas
Hepliaklqana
Kikubaaqudgha
Nemelex Xobeh
Okawaru
Sif Muna
Uskayaw
Vehumet
Wu Jian
Yredelemnul
The Shining One

Shops:
D:9 [   D:10 [   D:12 *

Portals:
Trove: D:10 (give horn of Geryon)


Innate Abilities, Weirdness & Mutations

Your experience applies equally to all skills.
You have very sharp teeth.
Your uncanny sense of smell can sniff out nearby items.
You have hoof-like feet.
You have a pair of small horns on your head.
You are partially covered in icy blue scales. (AC +2)
You are partially covered in iridescent scales. (AC +2)
Your flesh is cold resistant. (rC+)


Message History

You can now deal lightning-fast blows.
The ogre mage casts a spell at the two-headed ogre.
The two-headed ogre seems to speed up.
The tengu conjurer casts a spell.
The tengu conjurer conjures a globe of magical energy!
You block the tengu conjurer's attack.
The tengu conjurer pecks you but does no damage.
The tengu conjurer claws you but does no damage.
The centaur shoots an arrow.
The arrow hits you but does no damage.
A battlesphere comes into view.
You hit the two-headed ogre.
The two-headed ogre is lightly wounded.
You puncture the two-headed ogre!
You headbutt the two-headed ogre, but do no damage.
The two-headed ogre is moderately wounded.
You puncture the two-headed ogre!
You headbutt the two-headed ogre, but do no damage.
The two-headed ogre is heavily wounded.
You hit the two-headed ogre. You headbutt the two-headed ogre!
The two-headed ogre is severely wounded.
The tengu conjurer misses you.
You block the tengu conjurer's attack. x2
The tengu conjurer barely misses you.
You block the tengu conjurer's attack. x2
You hit the two-headed ogre.
The two-headed ogre is almost dead.
You block the two-headed ogre's attack.
The two-headed ogre hits you with a giant spiked club!
* * * LOW HITPOINT WARNING * * *
You puncture the two-headed ogre!
You kill the two-headed ogre!
Okawaru accepts your kill.
You hit the tengu conjurer.
The tengu conjurer is lightly wounded.
The centaur shoots an arrow.
The arrow completely misses you.
You puncture the tengu conjurer! You headbutt the tengu conjurer!
The tengu conjurer is severely wounded.
You hit the tengu conjurer but do no damage.
The tengu conjurer is severely wounded.
You block the tengu conjurer's attack. x2
The tengu conjurer claws you but does no damage.
You block the tengu conjurer's attack. The tengu conjurer closely misses you.
The tengu conjurer claws you but does no damage.
You puncture the tengu conjurer!
The tengu conjurer is almost dead.
The centaur shoots an arrow.
The arrow closely misses you.
You puncture the tengu conjurer!
You kill the tengu conjurer!
Okawaru accepts your kill. The ogre mage casts a spell at you.
You suddenly lose the ability to move!
The battlesphere dissipates.
The two-headed ogre hits you but does no damage.
The two-headed ogre hits you with a giant spiked club!
* * * LOW HITPOINT WARNING * * *
The centaur unwields an uncursed shortbow.
The centaur hits you but does no damage.
The tengu conjurer hits you but does no damage.
The tengu conjurer pecks you but does no damage.
The tengu conjurer claws you.
* * * LOW HITPOINT WARNING * * *
The ogre mage points at you and mumbles some strange words.
The bolt of lightning hits you!
* * * LOW HITPOINT WARNING * * *
The two-headed ogre hits you with a giant club!
You die...

... ...........
.... #..........
....##..........
#.O............
#..O..........
#..O.).c...#
##..§.OOQ*..#
......O@cc.#
..[..(.(...#
...###.....# .
#.....# ∆
#.......
....5....
#..........
#.[......##


You could see 3 two-headed ogres, an ogre mage, a tengu conjurer, 2 ogres, 3
centaurs, a battlesphere and a crimson imp.

Vanquished Creatures
  A tengu reaver (D:12)
  2 ettins (D:12)
  8 vault guards (D:14)
  A hydra (D:12)
  A centaur warrior (D:12)
  6 two-headed ogres
  A two-headed ogre (shapeshifter) (D:12)
  Sonja (D:14)
  The ghost of galech the Grappler, a novice TrMo of Okawaru (D:8)
  The ghost of hairmachine the Destroyer, a novice DEFE of Vehumet (D:9)
  3 unseen horrors
  A wizard (D:14)
  Pikel (D:8)
  3 deep elf magi (D:14)
  A wolf spider (D:10)
  9 ugly things
  4 manticores
  A cyclops (D:12)
  A gargoyle (D:14)
  A yaktaur (D:10)
  2 komodo dragons
  A tengu conjurer (D:15)
  3 hornets
  2 trolls
  5 slime creatures
  A harpy skeleton (D:15)
  Grinder (D:4)
  Sigmund (D:3)
  2 hippogriffs
  10 yaks
  A vampire (D:13)
  2 wyverns
  A wraith (D:14)
  A basilisk (D:12)
  7 vampire mosquitoes (D:14)
  5 hungry ghosts
  Menkaure (D:7)
  Edmund (D:4)
  A soldier ant (D:12)
  An acid dragon (D:13)
  2 water moccasins
  2 slaves (D:8)
  Duvessa (D:7)
  5 ice beasts
  8 orc warriors
  5 phantoms
  5 ogres
  5 sky beasts
  3 necrophages
  3 centaurs
  3 big kobolds
  An elf zombie (Ossuary)
  9 bullfrogs
  A wyvern skeleton (D:14)
  Dowan (D:7)
  10 scorpions
  11 killer bees
  4 howler monkeys
  5 crimson imps
  4 centaur zombies
  A quasit (D:7)
  A bullfrog zombie (D:13)
  9 hounds
  8 jellies
  6 orc priests
  Crazy Yiuf (D:7)
  8 orc wizards
  3 bullfrog skeletons
  4 centaur skeletons
  Ijyb (D:3)
  4 iguanas
  A statue (D:7)
  14 worker ants
  3 big kobold zombies (Ossuary)
  2 hound zombies (Ossuary)
  2 hound skeletons
  3 mummies (Ossuary)
  10 adders
  A shadow imp (D:13)
  A white imp (D:9)
  2 adder zombies (Ossuary)
  An adder skeleton (D:7)
  A dart slug (D:3)
  6 leopard geckos
  41 orcs
  3 ball pythons
  2 giant cockroaches
  2 gnoll zombies (Ossuary)
  5 goblins
  9 hobgoblins
  6 jackals
  7 quokkas
  6 bats
  5 frilled lizards
  4 goblin zombies (Ossuary)
  5 hobgoblin zombies (Ossuary)
  4 jackal zombies
  22 kobolds
  A kobold zombie (Ossuary)
  A leopard gecko zombie (D:6)
  A quokka skeleton (D:6)
  6 quokka zombies (Ossuary)
  3 rats
  5 rat zombies (Ossuary)
416 creatures vanquished.

Vanquished Creatures (others)
  A slave (D:10)
  A crimson imp (D:15)
  A worm (D:8)
3 creatures vanquished.

Grand Total: 419 creatures vanquished

Notes
Turn   | Place    | Note
-------+----------+-------------------------------------------
     0 | D:1      | Amnesiac the Gnoll Arcane Marksman began the quest for the Orb.
     0 | D:1      | Reached XP level 1. HP: 17/17 MP: 4/4
   206 | D:1      | Reached XP level 2. HP: 23/23 MP: 3/5
   821 | D:2      | Learned a level 2 spell: Slow
   839 | D:2      | Reached XP level 3. HP: 26/28 MP: 4/7
   857 | D:2      | Found an ancient bone altar of Kikubaaqudgha.
  1150 | D:2      | Reached skill level 1 in Invocations
  1369 | D:2      | Reached skill level 1 in Short Blades
  1369 | D:2      | Reached skill level 1 in Long Blades
  1369 | D:2      | Reached skill level 1 in Axes
  1369 | D:2      | Reached skill level 1 in Maces & Flails
  1369 | D:2      | Reached skill level 1 in Polearms
  1369 | D:2      | Reached skill level 1 in Staves
  1369 | D:2      | Reached skill level 1 in Bows
  1369 | D:2      | Reached skill level 1 in Crossbows
  1369 | D:2      | Reached skill level 1 in Throwing
  1369 | D:2      | Reached skill level 1 in Armour
  1369 | D:2      | Reached skill level 1 in Stealth
  1369 | D:2      | Reached skill level 1 in Shields
  1369 | D:2      | Reached skill level 1 in Unarmed Combat
  1369 | D:2      | Reached skill level 1 in Evocations
  1369 | D:2      | Reached XP level 4. HP: 26/34 MP: 6/8
  1407 | D:2      | Found a blossoming altar of Fedhas.
  1642 | D:2      | Found an iron altar of Okawaru.
  1642 | D:2      | Found an ornate altar of the Wu Jian Council.
  1654 | D:2      | Became a worshipper of Warmaster Okawaru
  1831 | D:3      | Noticed a sky beast
  1849 | D:3      | Killed a sky beast
  1849 | D:3      | Reached skill level 1 in Conjurations
  1849 | D:3      | Reached skill level 1 in Charms
  1849 | D:3      | Reached skill level 1 in Summonings
  1849 | D:3      | Reached skill level 1 in Necromancy
  1849 | D:3      | Reached skill level 1 in Translocations
  1849 | D:3      | Reached skill level 1 in Transmutations
  1849 | D:3      | Reached skill level 1 in Fire Magic
  1849 | D:3      | Reached skill level 1 in Ice Magic
  1849 | D:3      | Reached skill level 1 in Air Magic
  1849 | D:3      | Reached skill level 1 in Earth Magic
  1849 | D:3      | Reached skill level 1 in Poison Magic
  1849 | D:3      | Reached XP level 5. HP: 22/40 MP: 6/9
  2288 | D:3      | Noticed Sigmund
  2312 | D:3      | Killed Sigmund
  2312 | D:3      | Reached * piety under Okawaru
  2312 | D:3      | Reached skill level 5 in Slings
  2312 | D:3      | Reached skill level 5 in Dodging
  2312 | D:3      | Reached XP level 6. HP: 30/47 MP: 5/11
  2544 | D:3      | Found a hide-covered altar of Uskayaw.
  2545 | D:3      | Found a glowing golden altar of the Shining One.
  2564 | D:3      | Noticed Ijyb
  2573 | D:3      | Paralysed by Ijyb for 5 turns
  2589 | D:3      | Killed Ijyb
  2744 | D:3      | Found a sparkling altar of Nemelex Xobeh.
  3133 | D:3      | Learned a level 4 spell: Cause Fear
  3137 | D:3      | Learned a level 3 spell: Portal Projectile
  3154 | D:4      | Noticed a phantom
  3199 | D:4      | Killed a phantom
  3199 | D:4      | Reached XP level 7. HP: 40/52 MP: 12/12
  3340 | D:4      | Got a brightly glowing dagger
  3356 | D:4      | Noticed Grinder
  3361 | D:4      | Paralysed by Grinder for 7 turns
  3377 | D:5      | Entered Level 5 of the Dungeon
  3641 | D:4      | Killed Grinder
  3641 | D:4      | Reached ** piety under Okawaru
  3891 | D:4      | Reached XP level 8. HP: 52/60 MP: 8/14
  3922 | D:4      | Found a deep blue altar of Sif Muna.
  3981 | D:4      | Noticed Edmund
  3982 | D:4      | Identified the +1 dagger of Igumene {antimagic, rN+ Str+6 Dex-4 SInv} (You found it on level 4 of the Dungeon)
  4013 | D:4      | Killed Edmund
  4074 | D:4      | Found a shattered altar of Ashenzari.
  4443 | D:5      | Reached *** piety under Okawaru
  4454 | D:5      | Found a basalt altar of Yredelemnul.
  5564 | D:6      | Reached XP level 9. HP: 66/66 MP: 10/16
  6631 | D:7      | Paralysed by fainting for 5 turns
  6647 | D:7      | Reached **** piety under Okawaru
  6647 | D:7      | Reached skill level 5 in Spellcasting
  6670 | D:7      | Found a staircase to the Ecumenical Temple.
  6796 | D:7      | Found a hazy altar of Hepliaklqana.
  6837 | D:7      | Reached skill level 5 in Fighting
  6862 | D:7      | Received a gift from Okawaru
  7066 | D:7      | Noticed Menkaure
  7077 | D:7      | Killed Menkaure
  7229 | D:7      | Noticed Duvessa
  7231 | D:7      | Noticed Dowan
  7253 | D:7      | Killed Duvessa
  7253 | D:7      | Reached skill level 5 in Invocations
  7264 | D:7      | Killed Dowan
  7314 | D:7      | Gained mutation: You are partially covered in icy blue scales. (AC +2) [mutagenic meat]
  7315 | D:7      | Gained mutation: You are dopey. (Int -2) [mutagenic meat]
  7316 | D:7      | Gained mutation: Your flesh is cold resistant. (rC+) [mutagenic meat]
  7317 | D:7      | Gained mutation: Scrolls take you a little longer to read. [mutagenic meat]
  7318 | D:7      | Lost mutation: Scrolls take you a little longer to read. [potion of mutation]
  7318 | D:7      | Lost mutation: Your flesh is cold resistant. (rC+) [potion of mutation]
  7318 | D:7      | Lost mutation: You are dopey. (Int -2) [potion of mutation]
  7318 | D:7      | Gained mutation: Your spells are a little easier to cast, but a little less powerful. [potion of mutation]
  7318 | D:7      | Gained mutation: You are partially covered in large bone plates. (SH +4) [potion of mutation]
  7421 | D:7      | Found a radiant altar of Vehumet.
  7557 | D:7      | Found a runed door.
  7818 | D:7      | Noticed Crazy Yiuf
  7827 | D:7      | Killed Crazy Yiuf
  7827 | D:7      | Reached XP level 10. HP: 40/74 MP: 16/18
  8025 | D:8      | Noticed Pikel
  8124 | D:8      | Noticed galech's ghost (novice TrMo)
  8223 | D:8      | Killed galech's ghost
  8223 | D:8      | Reached ***** piety under Okawaru
  8223 | D:8      | Reached skill level 5 in Short Blades
  8223 | D:8      | Reached skill level 5 in Long Blades
  8223 | D:8      | Reached skill level 5 in Axes
  8223 | D:8      | Reached skill level 5 in Maces & Flails
  8223 | D:8      | Reached skill level 5 in Polearms
  8223 | D:8      | Reached skill level 5 in Staves
  8223 | D:8      | Reached skill level 5 in Bows
  8223 | D:8      | Reached skill level 5 in Crossbows
  8223 | D:8      | Reached skill level 5 in Throwing
  8223 | D:8      | Reached skill level 5 in Armour
  8223 | D:8      | Reached skill level 5 in Stealth
  8223 | D:8      | Reached skill level 5 in Shields
  8223 | D:8      | Reached skill level 5 in Unarmed Combat
  8223 | D:8      | Reached skill level 5 in Evocations
  8249 | D:8      | Killed Pikel
  8378 | D:8      | Found a snail-covered altar of Cheibriados.
  8433 | D:8      | Found a sand-covered staircase.
  8465 | D:8      | Noticed a two-headed ogre
  8483 | D:8      | Killed a two-headed ogre
  8483 | D:8      | Received a gift from Okawaru
  8521 | D:8      | Noticed a two-headed ogre
  8580 | Ossuary  | Entered an ossuary
  8663 | Ossuary  | Received a gift from Okawaru
  8666 | Ossuary  | Got a polished great sword {god gift}
  8672 | Ossuary  | Identified the +6 great sword of the Elven Halls {venom, Stlth+} (Okawaru gifted it to you in an ossuary)
  8994 | D:8      | Killed a two-headed ogre
  9515 | D:9      | Found Megonkuodd's Antique Armour Emporium.
  9546 | D:9      | Noticed hairmachine's ghost (novice DEFE)
  9623 | D:9      | Reached XP level 11. HP: 60/82 MP: 20/20
  9811 | D:9      | Killed hairmachine's ghost
  9958 | D:9      | Noticed a two-headed ogre
 10011 | D:9      | Killed a two-headed ogre
 10011 | D:9      | Received a gift from Okawaru
 10059 | D:9      | Found a staircase to the Orcish Mines.
 10071 | D:9      | Reached skill level 5 in Conjurations
 10071 | D:9      | Reached skill level 5 in Charms
 10071 | D:9      | Reached skill level 5 in Summonings
 10071 | D:9      | Reached skill level 5 in Necromancy
 10071 | D:9      | Reached skill level 5 in Translocations
 10071 | D:9      | Reached skill level 5 in Transmutations
 10071 | D:9      | Reached skill level 5 in Fire Magic
 10071 | D:9      | Reached skill level 5 in Ice Magic
 10071 | D:9      | Reached skill level 5 in Air Magic
 10071 | D:9      | Reached skill level 5 in Earth Magic
 10071 | D:9      | Reached skill level 5 in Poison Magic
 10616 | D:10     | Identified a paperback manual
 10616 | D:10     | Entered Level 10 of the Dungeon
 10753 | D:10     | Noticed a wolf spider
 10760 | D:10     | Killed a wolf spider
 10780 | D:10     | Noticed an unseen horror
 10808 | D:10     | Killed an unseen horror
 10925 | D:10     | Identified the Volume of Twisted Toxins
 11024 | D:10     | Received a gift from Okawaru
 11079 | D:10     | Found Safokimu's Armour Emporium.
 11198 | D:10     | Got an uncursed transparent rapier {vamp}
 11198 | D:10     | Got a crude tin ring
 11220 | D:10     | Identified the ring of the Median {AC+6 Int+4} (You took it off a yaktaur on level 10 of the Dungeon)
 11319 | D:10     | Got a dazzling halberd
 11338 | D:10     | Learned a level 2 spell: Blink
 11356 | D:10     | Learned a level 3 spell: Mephitic Cloud
 11360 | D:10     | Learned a level 3 spell: Conjure Flame
 11570 | D:10     | Found a portal to a secret trove of treasure.
 11659 | D:10     | Noticed a two-headed ogre
 11666 | D:10     | Killed a two-headed ogre
 11986 | D:11     | Reached XP level 12. HP: 78/91 MP: 23/23
 12494 | D:12     | Found Zoluruis's Assorted Antiques.
 12560 | D:12     | Bought a scroll labeled VEORER LUYN for 29 gold pieces
 12560 | D:12     | Bought 2 potions of heal wounds for 290 gold pieces
 12560 | D:12     | Bought an embroidered cloak for 217 gold pieces
 12560 | D:12     | Bought a scroll of blinking for 217 gold pieces
 12727 | D:12     | Noticed a two-headed ogre
 12730 | D:12     | Noticed an ettin
 12752 | D:12     | Noticed an ettin
 12766 | D:12     | Killed a two-headed ogre
 12777 | D:12     | Received a gift from Okawaru
 12780 | D:12     | Killed an ettin
 12787 | D:12     | Killed an ettin
 12787 | D:12     | Received a gift from Okawaru
 12835 | D:12     | Reached ****** piety under Okawaru
 12861 | D:12     | Noticed a centaur warrior
 12861 | D:12     | Noticed a seven-headed hydra
 12943 | D:12     | Killed a centaur warrior
 12943 | D:12     | Received a gift from Okawaru
 12944 | D:12     | Got a bloodstained ring mail {god gift}
 12945 | D:12     | Noticed a tengu reaver
 12953 | D:12     | Killed a tengu reaver
 12976 | D:12     | Killed a seven-headed hydra
 12982 | D:12     | Noticed a shock serpent
 12985 | D:12     | a shock serpent changed into a glowing shapeshifter
 12987 | D:12     | Noticed a fire dragon
 12987 | D:12     | a wolf spider changed into a fire dragon
 12990 | D:12     | a fire dragon changed into a glowing shapeshifter
 12991 | D:12     | Noticed an ice dragon
 12991 | D:12     | a wolf spider changed into an ice dragon
 12993 | D:12     | Noticed an entropy weaver
 12994 | D:12     | Noticed a queen ant
 12994 | D:12     | an entropy weaver changed into a queen ant
 12995 | D:12     | a queen ant changed into a glowing shapeshifter
 12995 | D:12     | Noticed a two-headed ogre
 12995 | D:12     | a glowing shapeshifter changed into a two-headed ogre
 13002 | D:12     | Killed a two-headed ogre
 13024 | D:12     | Gained mutation: You have a pair of small horns on your head. [mutagenic meat]
 13080 | D:12     | Identified the +1 ring mail of Daisies {rPois rCorr MP-9 Dex+6} (Okawaru gifted it to you on level 12 of the Dungeon)
 13143 | D:12     | Lost mutation: You are partially covered in large bone plates. (SH +4) [potion of mutation]
 13143 | D:12     | Lost mutation: Your spells are a little easier to cast, but a little less powerful. [potion of mutation]
 13143 | D:12     | Lost mutation: You have a pair of small horns on your head. [potion of mutation]
 13143 | D:12     | Gained mutation: You have large cloven feet. [potion of mutation]
 13143 | D:12     | Gained mutation: You have a pair of small horns on your head. [potion of mutation]
 13325 | D:12     | Reached XP level 13. HP: 98/98 MP: 16/25
 13394 | D:13     | Identified the +2 rapier "Xieqyofa" {vamp, Int+4 Stlth+} (You took it off a yaktaur on level 10 of the Dungeon)
 13677 | D:13     | Got a flickering brass ring
 13679 | D:13     | Identified the ring "Jus Roxt" {rCorr rC++ Dex+3} (You found it on level 13 of the Dungeon)
 14108 | D:13     | Learned a level 4 spell: Airstrike
 15059 | D:14     | Received a gift from Okawaru
 15132 | D:14     | Noticed Sonja
 15148 | D:14     | Killed Sonja
 15493 | D:14     | Received a gift from Okawaru
 15581 | D:14     | Received a gift from Okawaru
 15742 | D:14     | Received a gift from Okawaru
 15780 | D:14     | Got a pair of warped boots {god gift}
 15797 | D:14     | Gained mutation: Your flesh is cold resistant. (rC+) [mutagenic meat]
 15798 | D:14     | Gained mutation: You have hoof-like feet. [mutagenic meat]
 15800 | D:14     | Gained mutation: You are partially covered in iridescent scales. (AC +2) [mutagenic meat]
 15951 | D:14     | Identified the +2 pair of boots of Liso Jau {Stlth+} (Okawaru gifted it to you on level 14 of the Dungeon)
 16008 | D:14     | Found a gate to the Vaults.
 16008 | D:14     | Noticed a vault guard
 16008 | D:14     | Noticed a vault guard
 16008 | D:14     | Noticed a vault guard
 16008 | D:14     | Noticed a vault guard
 16008 | D:14     | Noticed a vault guard
 16009 | D:14     | Noticed a vault guard
 16009 | D:14     | Noticed a vault guard
 16009 | D:14     | Noticed a vault guard
 16046 | D:14     | Killed a vault guard
 16058 | D:14     | Killed a vault guard
 16067 | D:14     | Killed a vault guard
 16086 | D:14     | Killed a vault guard
 16090 | D:14     | Killed a vault guard
 16090 | D:14     | Reached XP level 14. HP: 57/108 MP: 18/27
 16697 | D:15     | Entered Level 15 of the Dungeon
 16704 | D:15     | Reached skill level 10 in Slings
 16704 | D:15     | Reached skill level 10 in Dodging
 16721 | D:15     | Paralysed by an ogre mage for 7 turns
 16723 | D:15     | Slain by a two-headed ogre

Vault maps used:
D:1:      minmay_arrival_five_plusses
D:2:      marbit_many_paths, fedhas_altar_fruit_tree, minitemple,
          minmay_hexomino_u4
D:3:      lemuel_round_altar, gammafunk_temple_overflow_statue, first_bread,
          uniq_sigmund, uniq_ijyb
D:4:      old_standard_altar, nicolae_overflow_crystal_walls, uniq_edmund,
          uniq_grinder
D:5:      yredelemnul_altar_generic, serial_bayou_crossing
D:6:      serial_glass, glass_columns_a, glass_columns_b,
          kennysheep_generic_room_7
D:7:      old_standard_altar, vehumet_statue,
          minmay_temple_entry_statues_fountains, uniq_menkaure, uniq_duvessa,
          uniq_crazy_yiuf_cottage
D:8:      cheibrodos_worm_habitat, nicolae_ossuary_entry_false_entrances,
          uniq_pikel
D:9:      orc_0_dummy, serial_shops, shop, minmay_misc_feat_square,
          minmay_statues_item, minmay_fire_ice_demons
D:10:     minmay_the_grid_four_pointed_star, nicolae_trove_entry_crystal,
          serial_shops, kennysheep_little_box
D:11:     david_lair_shrubbed
D:12:     thingy_vault, serial_shops, nicolae_shop_crystal
D:14:     erik_vaults_2, minmay_misc_feat_tower, uniq_sonja
D:15:     gammafunk_enter_depths_forms, columned_hall_lemuel, minivault_22,
          uniq_kirke, uniq_azrael
Ossuary:  minmay_ossuary_two_tombs

Skill      XL: |  1  2  3  4  5  6  7  8  9 10 11 12 13 14 |
---------------+-------------------------------------------+-----
Invocations    | 1 2 3 4 5 6 7 8 9 |  9.7
Short Blades   | 1 2 3 4 5 6 7 8 |  8.9
Long Blades    | 1 2 3 4 5 6 7 8 |  8.9
Axes           | 1 2 3 4 5 6 7 8 |  8.9
Maces & Flails | 1 2 3 4 5 6 7 8 9 |  9.0
Polearms       | 1 2 3 4 5 6 7 8 |  8.9
Staves         | 1 2 3 4 5 6 7 8 |  8.9
Bows           | 1 2 3 4 5 6 7 8 |  8.9
Crossbows      | 1 2 3 4 5 6 7 8 |  8.9
Throwing       | 1 2 3 4 5 6 7 8 |  8.9
Armour         | 1 2 3 4 5 6 7 8 |  8.9
Stealth        | 1 2 3 4 5 6 7 8 |  8.9
Shields        | 1 2 3 4 5 6 7 8 |  8.9
Unarmed Combat | 1 2 3 4 5 6 7 8 |  8.9
Evocations     | 1 2 3 4 5 6 7 8 |  8.9
Spellcasting   | 3 4 5 6 7 8 9 |  9.3
Conjurations   | 1 2 3 4 5 6 7 |  7.4
Charms         | 1 2 3 4 5 6 7 |  7.4
Summonings     | 1 2 3 4 5 6 7 |  7.4
Necromancy     | 1 2 3 4 5 6 7 |  7.4
Translocations | 1 2 3 4 5 6 7 |  7.4
Transmutations | 1 2 3 4 5 6 7 |  7.4
Fire Magic     | 1 2 3 4 5 6 7 |  7.4
Ice Magic      | 1 2 3 4 5 6 7 |  7.4
Air Magic      | 1 2 3 4 5 6 7 |  7.4
Earth Magic    | 1 2 3 4 5 6 7 |  7.4
Poison Magic   | 1 2 3 4 5 6 7 |  7.4
Fighting       | 3 4 5 6 7 8 9 |  9.3
Slings         | 5 6 7 8 9 10 | 10.0
Dodging        | 5 6 7 8 9 10 | 10.0
Hexes          | 6 7 8 9 |  9.3

Action                   |  1- 3 |  4- 6 |  7- 9 | 10-12 | 13-15 || total
-------------------------+-------+-------+-------+-------+-------++-------
Melee: Dagger            |       |       |    11 |       |       ||    11
       Bite              |       |       |     2 |    86 |    76 ||   164
       Great sword       |       |       |       |    76 |       ||    76
       Quick blade       |       |       |       |   648 |   507 ||  1155
       Headbutt          |       |       |       |     1 |   172 ||   173
       Kick              |       |       |       |       |   193 ||   193
 Fire: Hunting sling     |   100 |   171 |   569 |   337 |       ||  1177
       Hand crossbow     |       |       |       |       |     8 ||     8
 Cast: Corona            |    30 |    39 |    79 |     6 |       ||   154
       Slow              |     1 |     2 |    39 |     5 |       ||    47
       Cause Fear        |       |       |       |     6 |       ||     6
Invok: Heroism           |       |       |       |     1 |       ||     1
       Finesse           |       |       |       |       |     1 ||     1
Evoke: Wand              |       |       |     1 |    35 |    10 ||    46
  Use: Scroll            |       |       |    15 |    16 |     2 ||    33
       Potion            |       |       |     2 |     2 |     2 ||     6
 Stab: Paralysed         |       |       |     4 |    10 |     3 ||    17
       Sleeping          |       |       |       |    12 |     6 ||    18
       Distracted        |       |       |       |     2 |     2 ||     4
  Eat: Chunk             |     2 |     5 |    24 |    16 |    14 ||    61
       Fruit             |       |       |     4 |     3 |     6 ||    13
       Meat ration       |       |       |       |     1 |       ||     1
Armor: Ring mail         |    17 |    16 |    25 |   176 |    51 ||   285
       Scale mail        |       |       |    66 |       |       ||    66
Dodge: Dodged            |    42 |    41 |   129 |   283 |    89 ||   584
Block: Shield            |       |       |   132 |   233 |   108 ||   473
       Other             |       |       |       |    19 |       ||    19
       Buckler           |       |       |       |    36 |       ||    36
       Rpst.: Great sword |       |       |       |    19 |       ||    19

Table legend:
 A = Spawn XP
 B = Non-spawn XP
 C = Spawn XP percentage of total XP
 D = Spawn monster count
 E = Non-spawn monster count
 F = Spawn count percentage of total count
 G = Total turns spent on level
                    A         B        C        D         E        F      G
               +---------+---------+-------+---------+---------+-------+---------
         Total |       0 |   61223 |   0.0 |       0 |     414 |   0.0 | 16723
               +---------+---------+-------+---------+---------+-------+---------
           D:1 |       0 |      26 |   0.0 |       0 |      15 |   0.0 |   804
           D:2 |       0 |      67 |   0.0 |       0 |      22 |   0.0 |  1013
           D:3 |       0 |     469 |   0.0 |       0 |      26 |   0.0 |  1418
           D:4 |       0 |     829 |   0.0 |       0 |      12 |   0.0 |   811
           D:5 |       0 |    1045 |   0.0 |       0 |      25 |   0.0 |  1861
           D:6 |       0 |     411 |   0.0 |       0 |      13 |   0.0 |   816
           D:7 |       0 |    1833 |   0.0 |       0 |      33 |   0.0 |  1551
           D:8 |       0 |    3838 |   0.0 |       0 |      12 |   0.0 |  1125
           D:9 |       0 |    3064 |   0.0 |       0 |      24 |   0.0 |  1196
          D:10 |       0 |    5688 |   0.0 |       0 |      36 |   0.0 |  1273
          D:11 |       0 |    2862 |   0.0 |       0 |      22 |   0.0 |   488
          D:12 |       0 |   12503 |   0.0 |       0 |      48 |   0.0 |  1214
          D:13 |       0 |    7041 |   0.0 |       0 |      45 |   0.0 |   960
          D:14 |       0 |   19029 |   0.0 |       0 |      39 |   0.0 |  1818
          D:15 |       0 |    2167 |   0.0 |       0 |       4 |   0.0 |    26
       Ossuary |       0 |     351 |   0.0 |       0 |      38 |   0.0 |   349
               +---------+---------+-------+---------+---------+-------+---------
